 Dungeon Crawl Stone Soup version 0.30-a0-358-g0d69a1922f (webtiles) character file.

Game seed: 10535300248207721710

113 pascalblue the Chiller (level 4, -7/24 HPs)
             Began as a Deep Elf Ice Elementalist on Nov 10, 2022.
             Was a Follower of Ashenzari.
             Mangled by an ogre
             ... wielding a +0 giant club
              (31 damage)
             ... on level 4 of the Dungeon.
             The game lasted 00:13:03 (2810 turns).

pascalblue the Chiller (Deep Elf Ice Elementalist)  Turns: 2810, Time: 00:13:04

Health: -7/24      AC:  5    Str:  5    XL:     4   Next: 65%
Magic:  4/11       EV: 13    Int: 22    God:    Ashenzari [*.....]
Gold:   172        SH:  0    Dex: 15    Spells: 3/10 levels left

rFire   . . .      SeeInvis .    h - staff of earth
rCold   . . .      Faith    .    (no shield)
rNeg    . . .      Spirit   .    a - +0 robe of the Ruined Seer {Elem, Bglg} (curse)
rPois   .          Reflect  .    (no helmet)
rElec   .          Harm     .    (no cloak)
rCorr   .          Rampage  .    (no gloves)
Will    .....                    d - +2 pair of boots of Apeoromancy {Cun, Evo} (curse)
Stlth   +++.......               (no amulet)
HPRegen 0.24/turn                (no ring)
MPRegen 0.12/turn                (no ring)

@: freezing walls
A: no striking features
a: Renounce Religion, Shatter the Chains


You were on level 4 of the Dungeon.
You worshipped Ashenzari.
Ashenzari was aware of your devotion.
You visited 1 branch of the dungeon, and saw 4 of its levels.

You collected 172 gold pieces.

Inventory:

Hand Weapons
 r - a +0 short sword
Missiles
 i - 8 poisoned darts
Armour
 a - the cursed +0 robe of the Ruined Seer (worn) {Elem, Bglg}

   It has a curse which improves the following skills: Elements: Fire Magic, Ice
   Magic, Air Magic and Earth Magic.
   Beguiling: Conjurations, Hexes and Translocations.
 d - the cursed +2 pair of boots of Apeoromancy (worn) {Cun, Evo}
   (You found it on level 1 of the Dungeon)

   It has a curse which improves the following skills: Cunning: Dodging and
   Stealth.
   Evocations: Evocations.
Magical Staves
 h - a staff of earth (weapon)
Wands
 l - a wand of charming (10)
Scrolls
 e - 5 scrolls of identify
 f - 5 scrolls of immolation
 g - a scroll of fog
 j - a scroll of enchant armour
 k - a scroll of teleportation
 p - a scroll of amnesia
 w - a scroll of magic mapping
Potions
 b - a potion of magic
 c - a potion of lignification
 m - 2 potions of heal wounds
 n - a potion of brilliance
 o - 3 potions of mutation
 q - a potion of ambrosia
 s - a potion of might
 t - 3 potions of haste
 u - a potion of flight
 v - 2 potions of curing


   Skills:
 + Level 3.3(4.1) Dodging
 + Level 3.4(4.2) Stealth
 + Level 3.9 Spellcasting
 * Level 5.5(6.4) Ice Magic


You had 3 spell levels left.
You knew the following spells:

 Your Spells              Type           Power      Damage    Failure   Level
a - Freeze                Ice            100%       1d10      1%          1
b - Frozen Ramparts       Ice            64%        1d10      2%          3
c - Hailstorm             Conj/Ice       18%        3d6       9%          3

Your spell library contained the following spells:

 Spells                   Type           Power      Damage    Failure   Level
 Ozocubu's Armour         Ice            32%        N/A       2%          3
 Apportation              Tloc           8%         N/A       11%         1
 Necrotise                Necr           16%        1d4       12%         1
 Summon Small Mammal      Summ           16%        N/A       12%         1
 Tukima's Dance           Hex            4%         N/A       32%         3
 Summon Ice Beast         Ice/Summ       18%        N/A       30%         4
 Passage of Golubria      Tloc           4%         N/A       73%         4
 Yara's Violent Unravell  Hex/Tmut       2%         3d3       97%         5


Dungeon Overview and Level Annotations

Branches:
Dungeon (4/15)
 Temple: D:4-7

Altars:
Ashenzari


Message History

Casting: Freeze (safe; 1% risk of failure)
Confirm with . or Enter, or press ? or * to list all spells.
Aiming: Freeze (safe; 1% risk of failure)
Press: ? - help, Shift-Dir - straight line, f - adder
Aim: an adder You freeze the adder.
The adder is heavily wounded.
The adder bites you but does no damage.
Casting: Freeze (safe; 1% risk of failure)
Confirm with . or Enter, or press ? or * to list all spells.
Aiming: Freeze (safe; 1% risk of failure)
Press: ? - help, Shift-Dir - straight line, f/p - adder
Aim: an adder (heavily wounded)
You freeze the adder!
You kill the adder!
Casting: Freeze (safe; 1% risk of failure)
Confirm with . or Enter, or press ? or * to list all spells.
Casting: Frozen Ramparts (dangerous; 2% risk of failure)
Press: ? - help, Dir - look around, f - activate The walls around you are covered in ice.
The wall freezes the ogre.
The ogre barely misses you.
Casting: Frozen Ramparts (dangerous; 2% risk of failure)
Confirm with . or Enter, or press ? or * to list all spells.
Aiming: Freeze (safe; 1% risk of failure)
Press: ? - help, Shift-Dir - straight line, f - ogre
Aim: an ogre, wielding a +0 giant club (lightly wounded)
You freeze the ogre!
The ogre is heavily wounded.
Unknown command.
Casting: Freeze (safe; 1% risk of failure)
Confirm with . or Enter, or press ? or * to list all spells.
Aiming: Freeze (safe; 1% risk of failure)
Press: ? - help, Shift-Dir - straight line, f/p - ogre
Aim: an ogre, wielding a +0 giant club (heavily wounded)
You freeze the ogre.
The ogre is heavily wounded.
The wall freezes the ogre.
The ogre hits you with a +0 giant club!!
Ouch! That really hurt!
You die...

... #........#
.....###.##..........#
......................
........###..........###
#......####...)......#
#..........).....#####
.......##....#...# . ...
#..............
...###.##@..##.........
.........O#....[.......
....w........#.........
........###.#..........
.......## #....####..##
...).## #..#.# .>..#
..... ...# .. ..#


You could see an ogre and a worm.

Vanquished Creatures
  6 adders
  4 dart slugs
  An orc (D:4)
  3 bats
  2 endoplasms
  2 giant cockroaches
  4 goblins
  6 hobgoblins
  4 jackals (D:3)
  4 quokkas
  2 ball pythons
  A frilled lizard (D:2)
  6 kobolds
  5 rats
50 creatures vanquished.

Vanquished Creatures (others)
  A plant (D:1)
1 creature vanquished.

Grand Total: 51 creatures vanquished

Notes
Turn   | Place    | Note
-------+----------+-------------------------------------------
     0 | D:1      | pascalblue the Deep Elf Ice Elementalist began the quest
                  | for the Orb.
     0 | D:1      | Reached XP level 1. HP: 10/10 MP: 6/6
    73 | D:1      | Found a faded altar of an unknown god.
   106 | D:1      | Prayed at the altar of an unknown god.
   106 | D:1      | Became a worshipper of Ashenzari the Shackled
   173 | D:1      | Reached XP level 2. HP: 13/15 MP: 4/8
  1032 | D:2      | Reached skill level 5 in Ice Magic
  1032 | D:2      | Reached XP level 3. HP: 18/19 MP: 5/9
  1099 | D:2      | Reached * piety under Ashenzari
  1133 | D:2      | Learned a level 3 spell: Frozen Ramparts
  1694 | D:2      | Reached XP level 4. HP: 24/24 MP: 9/11
  1965 | D:3      | Learned a level 3 spell: Hailstorm
  1965 | D:3      | Reached ** piety under Ashenzari
  2413 | D:3      | Identified a scroll of acquirement
  2719 | D:3      | Acquired a staff of earth
  2801 | D:4      | Noticed an ogre
  2810 | D:4      | Mangled by an ogre

Illustrated notes

Levels and vault maps discovered:
D:1:      dpeg_arrival_yet_another_circle, layout_loops_ring,
          basic_ecumenical_altar, serial_bayou_lake_a
D:2:      layout_loops_corners
D:3:      layout_basic, eino_tiny_chamber, st_stairs_1
D:4:      layout_rooms, jmf_multi_god_temple2, uniq_sigmund

Skill      XL: |  1  2  3 |
---------------+----------+-----
Ice Magic      | 5 |  5.5
Stealth        | 3 |  3.4
Dodging        | 3 |  3.3
Spellcasting   | |  3.9

Action                   |  1- 3 |  4- 6 || total
-------------------------+-------+-------++-------
Melee: Unarmed           |     7 |       ||     7
       Dagger            |     4 |     2 ||     6
       Staff             |       |     1 ||     1
 Cast: Freeze            |    43 |    36 ||    79
       Frozen Ramparts   |       |     1 ||     1
Invok: Curse Item        |     2 |     1 ||     3
       Shatter the Chain |       |     1 ||     1
  Use: Scroll            |       |     1 ||     1
Armor: Robe              |     7 |    15 ||    22
Dodge: Dodged            |    19 |    31 ||    50

Table legend: (Time is in decaauts)
 A = Elapsed time spent in this place.
 B = Non-inter-level travel time spent in this place.
 C = Inter-level travel time spent in this place.
 D = Time resting spent in this place.
 E = Time spent auto-exploring this place.
 F = Levels seen in this place.
 G = Mean time per level.
                   A        B        C        D        E       F      G
               +--------+--------+--------+--------+--------+-----+--------+
         Total |   2839 |   2739 |    100 |      0 |   2236 |   4 |  709.8 |
       Dungeon |   2839 |   2739 |    100 |      0 |   2236 |   4 |  709.8 |
               +--------+--------+--------+--------+--------+-----+--------+

Top non-repeatable levels by time:
     D:2: 994 daAuts
     D:1: 964 daAuts
     D:3: 826 daAuts
     D:4: 53 daAuts
